| TOP OF THE 1ST |
|
Pittsfield Colonials batting - Pitching for Lynn Sailors : RHP Joe Whitmer
|
|
Pitching: RHP Joe Whitmer
|
|
|
Batting: SHB Steve Scafa
|
0-0: Ball 1-0: Ball 2-0: Ball 3-0: Called Strike 3-1: Base on Balls
|
|
Batting: SHB Felipe Gracia
|
0-0: Ball 1-0: Fielders Choice at 2nd, 3-6 (Groundball, 3, EV 83.8 MPH)
|
|
Batting: RHB Shawon Dunston
|
0-0: Ball 1-0: Grounds into double play, 4-6-3 (Groundball, 4, EV 80.6 MPH)
|
| Top of the 1st over - 0 runs, 0 hits, 0 errors, 0 left on base; Pittsfield 0 - Lynn 0 |
| BOTTOM OF THE 1ST |
|
Lynn Sailors batting - Pitching for Pittsfield Colonials : LHP James Rooney
|
|
Pitching: LHP James Rooney
|
|
|
Batting: RHB Ron Wotus
|
0-0: Called Strike 0-1: Fly out, F3 (Flyball, 3D, EV 87.5 MPH)
|
|
Batting: RHB Jorge Hinojosa
|
0-0: Called Strike 0-1: Foul Ball, location: 2F 0-2: Strikes out looking
|
|
Batting: RHB Mike Rubel
|
0-0: Called Strike 0-1: SINGLE (Line Drive, 6MD, EV 107.5 MPH)
|
|
Batting: RHB Mike Reddish
|
0-0: Ball 1-0: Foul Ball, location: 2F 1-1: DOUBLE (Line Drive, 7D, EV 98.1 MPH) Mike Rubel to third
|
|
Batting: RHB Ted Trevino
|
0-0: Called Strike 0-1: Ball 1-1: Called Strike 1-2: Strikes out swinging
|
| Bottom of the 1st over - 0 runs, 2 hits, 0 errors, 2 left on base; Pittsfield 0 - Lynn 0 |
| TOP OF THE 2ND |
|
Pittsfield Colonials batting - Pitching for Lynn Sailors : RHP Joe Whitmer
|
|
Batting: LHB James Wojcik
|
0-0: Ground out 4-3 (Groundball, 4S, EV 80.6 MPH)
|
|
Batting: RHB Mike Brewer
|
0-0: Swinging Strike 0-1: Ball 1-1: Ball 2-1: Ball 3-1: Foul Ball, location: 2F 3-2: SINGLE (Groundball, 56D, EV 95.0 MPH)
|
|
Batting: LHB Armando Ortiz
|
0-0: Ball 1-0: Foul Ball, location: 2F 1-1: Foul Ball, location: 2F 1-2: Fly out, F8 (Line Drive, 8LM, EV 96.3 MPH)
|
|
Batting: RHB Steven Ramler
|
0-0: Ball Mike Brewer steals 2nd base 1-0: Ball 2-0: Called Strike 2-1: SINGLE (Groundball, 4D, EV 96.9 MPH) Mike Brewer to third Runner from 3rd tries for Home, SAFE, throw by CF to home
|
|
Batting: SHB David Enos
|
0-0: Ball 1-0: Ball 2-0: Ball 3-0: Called Strike 3-1: Called Strike 3-2: Base on Balls Steven Ramler to second
|
|
Batting: RHB Juan Castro
|
0-0: Called Strike 0-1: Swinging Strike 0-2: Foul Ball, location: 2F 0-2: Foul Ball, location: 2F 0-2: Ball 1-2: Ball 2-2: Ball 3-2: Strikes out swinging
|
| Top of the 2nd over - 1 run, 2 hits, 0 errors, 2 left on base; Pittsfield 1 - Lynn 0 |
| BOTTOM OF THE 2ND |
|
Lynn Sailors batting - Pitching for Pittsfield Colonials : LHP James Rooney
|
|
Batting: RHB Lee Wenzel
|
0-0: Ball 1-0: Foul Ball, location: 2F 1-1: Fly out, F7 (Line Drive, 7LM, EV 109.4 MPH)
|
|
Batting: RHB Vinny Jaramillo
|
0-0: Ground out 5-3 (Groundball, 56, EV 80.0 MPH)
|
|
Batting: SHB Danny Gans
|
0-0: Ball 1-0: Foul Ball, location: 2F 1-1: Ball 2-1: Ball 3-1: Base on Balls
|
|
Batting: RHB Ezequiel Carrasco
|
0-0: Ground out 4-3 (Groundball, 34D, EV 98.1 MPH)
|
| Bottom of the 2nd over - 0 runs, 0 hits, 0 errors, 1 left on base; Pittsfield 1 - Lynn 0 |
| TOP OF THE 3RD |
|
Pittsfield Colonials batting - Pitching for Lynn Sailors : RHP Joe Whitmer
|
|
Batting: SHB Steve Scafa
|
0-0: Swinging Strike 0-1: Called Strike 0-2: Strikes out swinging
|
|
Batting: SHB Felipe Gracia
|
0-0: Ball 1-0: Foul Ball, location: 2F 1-1: Ball 2-1: Ball 3-1: Base on Balls
|
|
Batting: RHB Shawon Dunston
|
0-0: Called Strike Felipe Gracia is caught stealing 2nd base 2-4 0-1: Ball 1-1: Swinging Strike 1-2: SINGLE (Groundball, 56D, EV 110.6 MPH)
|
|
Batting: LHB James Wojcik
|
0-0: Foul Ball, location: 2F 0-1: Ball 1-1: Called Strike 1-2: Foul Ball, location: 2F 1-2: Ball 2-2: Ground out U3 (Groundball, 3L, EV 88.8 MPH)
|
| Top of the 3rd over - 0 runs, 1 hit, 0 errors, 1 left on base; Pittsfield 1 - Lynn 0 |
| BOTTOM OF THE 3RD |
|
Lynn Sailors batting - Pitching for Pittsfield Colonials : LHP James Rooney
|
|
Batting: RHB Ron Wotus
|
0-0: DOUBLE (Groundball, 5L, EV 110.6 MPH)
|
|
Batting: RHB Jorge Hinojosa
|
0-0: Called Strike Ron Wotus steals 3rd base 0-1: Called Strike 0-2: Foul Ball, location: 2F 0-2: Strikes out swinging
|
|
Batting: RHB Mike Rubel
|
0-0: Called Strike 0-1: Foul Ball, location: 2F 0-2: Ball 1-2: Ball 2-2: 2-RUN HOME RUN (Line Drive, 78XD, EV 105.6 MPH), Distance : 422 ft
|
|
Batting: RHB Mike Reddish
|
0-0: Ball 1-0: Ball 2-0: Ball 3-0: Base on Balls
|
|
Batting: RHB Ted Trevino
|
0-0: Ball 1-0: Grounds into double play, 6-4-3 (Groundball, 6, EV 89.4 MPH)
|
| Bottom of the 3rd over - 2 runs, 2 hits, 0 errors, 0 left on base; Pittsfield 1 - Lynn 2 |
| TOP OF THE 4TH |
|
Pittsfield Colonials batting - Pitching for Lynn Sailors : RHP Joe Whitmer
|
|
Batting: RHB Mike Brewer
|
0-0: Swinging Strike 0-1: DOUBLE (Line Drive, 9LD, EV 105.6 MPH)
|
|
Batting: LHB Armando Ortiz
|
0-0: Ball 1-0: Ball 2-0: Fly out, F3 (Popup, 34, EV 56.9 MPH)
|
|
Batting: RHB Steven Ramler
|
0-0: Ball 1-0: Ball 2-0: Ball 3-0: Base on Balls
|
|
Batting: SHB David Enos
|
0-0: Ball 1-0: Foul Ball, location: 2F 1-1: TRIPLE (Flyball, 89XD, EV 91.9 MPH) Mike Brewer scores Steven Ramler scores
|
|
Batting: RHB Juan Castro
|
0-0: Ball 1-0: Ball 2-0: Called Strike 2-1: Fly out, F6 (Popup, 15S, EV 90.0 MPH)
|
|
Batting: SHB Steve Scafa
|
0-0: Ball 1-0: Foul Ball, location: 2F 1-1: Ball 2-1: Foul Ball, location: 2F 2-2: Strikes out looking
|
| Top of the 4th over - 2 runs, 2 hits, 0 errors, 1 left on base; Pittsfield 3 - Lynn 2 |
| BOTTOM OF THE 4TH |
|
Lynn Sailors batting - Pitching for Pittsfield Colonials : LHP James Rooney
|
|
Batting: RHB Lee Wenzel
|
0-0: Called Strike 0-1: Ground out 1-3 (Groundball, 13S, EV 71.9 MPH)
|
|
Batting: RHB Vinny Jaramillo
|
0-0: Ball 1-0: Ball 2-0: DOUBLE (Flyball, 78XD, EV 98.1 MPH)
|
|
Batting: SHB Danny Gans
|
0-0: Ball 1-0: Called Strike 1-1: Ball 2-1: Called Strike 2-2: Strikes out swinging
|
|
Batting: RHB Ezequiel Carrasco
|
0-0: Ball 1-0: SINGLE (Groundball, 5D, EV 104.4 MPH) Vinny Jaramillo to third Runner from 3rd tries for Home, SAFE, throw by LF to home
|
|
Batting: RHB Ron Wotus
|
0-0: TRIPLE (Groundball, 3D, EV 101.9 MPH) Ezequiel Carrasco scores
|
|
Batting: RHB Jorge Hinojosa
|
0-0: Fly out, F6 (Flyball, 6D, EV 90.0 MPH)
|
| Bottom of the 4th over - 2 runs, 3 hits, 0 errors, 1 left on base; Pittsfield 3 - Lynn 4 |
| TOP OF THE 5TH |
|
Pittsfield Colonials batting - Pitching for Lynn Sailors : RHP Joe Whitmer
|
|
Batting: SHB Felipe Gracia
|
0-0: Ball 1-0: Swinging Strike 1-1: Ball 2-1: Ball 3-1: Base on Balls
|
|
Batting: RHB Shawon Dunston
|
0-0: Called Strike 0-1: Ball 1-1: Called Strike 1-2: Strikes out swinging
|
|
Batting: LHB James Wojcik
|
0-0: Called Strike 0-1: Fielders Choice at 2nd, 1-6 (Groundball, 13S, EV 68.1 MPH)
|
|
Batting: RHB Mike Brewer
|
0-0: Ball 1-0: Ball 2-0: Ball 3-0: Called Strike 3-1: Base on Balls James Wojcik to second
|
|
Batting: LHB Armando Ortiz
|
0-0: Ball 1-0: Ball 2-0: Called Strike 2-1: Called Strike 2-2: Ball 3-2: Base on Balls James Wojcik to third Mike Brewer to second
|
|
Batting: RHB Steven Ramler
|
0-0: Ball 1-0: Called Strike 1-1: Ball 2-1: Foul Ball, location: 2F 2-2: Foul Ball, location: 2F 2-2: Ball 3-2: Foul Ball, location: 2F 3-2: Strikes out swinging
|
| Top of the 5th over - 0 runs, 0 hits, 0 errors, 3 left on base; Pittsfield 3 - Lynn 4 |
| BOTTOM OF THE 5TH |
|
Lynn Sailors batting - Pitching for Pittsfield Colonials : LHP James Rooney
|
|
Batting: RHB Mike Rubel
|
0-0: Ball 1-0: Fly out, F3 (Line Drive, 3, EV 68.8 MPH)
|
|
Batting: RHB Mike Reddish
|
0-0: Called Strike 0-1: Called Strike 0-2: Fly out, F7 (Line Drive, 78M, EV 105.6 MPH)
|
|
Batting: RHB Ted Trevino
|
0-0: Foul Ball, location: 2F 0-1: Fly out, F9 (Flyball, 89D, EV 85.0 MPH)
|
| Bottom of the 5th over - 0 runs, 0 hits, 0 errors, 0 left on base; Pittsfield 3 - Lynn 4 |
| TOP OF THE 6TH |
|
Pittsfield Colonials batting - Pitching for Lynn Sailors : RHP Joe Whitmer
|
|
Batting: SHB David Enos
|
0-0: Called Strike 0-1: Called Strike 0-2: Ball 1-2: Foul Ball, location: 2F 1-2: Foul Ball, location: 2F 1-2: Foul Ball, location: 2F 1-2: Ball 2-2: Foul Ball, location: 2F 2-2: Ground out 4-3 (Groundball, 4, EV 86.9 MPH)
|
|
Pitching: RHP Dennis Sandoval
|
|
|
Batting: RHB Juan Castro
|
0-0: Ball 1-0: Called Strike 1-1: Foul Ball, location: 2F 1-2: Ball 2-2: Fly out, F7 (Flyball, 7LS, EV 90.0 MPH)
|
|
Batting: SHB Steve Scafa
|
0-0: Ball 1-0: Foul Ball, location: 2F 1-1: Called Strike 1-2: Foul Ball, location: 2F 1-2: Ball 2-2: Ball 3-2: Fly out, F4 (Line Drive, 4, EV 65.0 MPH)
|
| Top of the 6th over - 0 runs, 0 hits, 0 errors, 0 left on base; Pittsfield 3 - Lynn 4 |
| BOTTOM OF THE 6TH |
|
Lynn Sailors batting - Pitching for Pittsfield Colonials : LHP James Rooney
|
|
Batting: RHB Lee Wenzel
|
0-0: Swinging Strike 0-1: Foul Ball, location: 2F 0-2: Ball 1-2: Ball 2-2: Strikes out swinging
|
|
Batting: RHB Vinny Jaramillo
|
0-0: Ball 1-0: Ball 2-0: Called Strike 2-1: Foul Ball, location: 2F 2-2: SINGLE (Line Drive, 8RS, EV 96.9 MPH)
|
|
Batting: SHB Danny Gans
|
0-0: Ball 1-0: Ball 2-0: Foul Ball, location: 2F 2-1: Called Strike 2-2: 2-RUN HOME RUN (Flyball, 7D, EV 108.8 MPH), Distance : 355 ft
|
|
Pitching: RHP Douglas Henley
|
|
|
Batting: RHB Ezequiel Carrasco
|
0-0: Foul Ball, location: 2F 0-1: SINGLE (Groundball, 4MD, EV 93.8 MPH)
|
|
Batting: RHB Ron Wotus
|
0-0: Called Strike 0-1: Called Strike 0-2: Ball 1-2: SINGLE (Groundball, 4M, EV 108.8 MPH) (infield hit) Ezequiel Carrasco to second
|
|
Batting: RHB Jorge Hinojosa
|
0-0: Ball 1-0: Swinging Strike 1-1: Grounds into double play, 6-4-3 (Groundball, 6, EV 102.5 MPH)
|
| Bottom of the 6th over - 2 runs, 4 hits, 0 errors, 1 left on base; Pittsfield 3 - Lynn 6 |
| TOP OF THE 7TH |
|
Pittsfield Colonials batting - Pitching for Lynn Sailors : RHP Dennis Sandoval
|
|
Batting: SHB Felipe Gracia
|
0-0: Called Strike 0-1: Called Strike 0-2: Foul Ball, location: 2F 0-2: Ground out 5-3 (Groundball, 5, EV 78.1 MPH)
|
|
Batting: RHB Shawon Dunston
|
0-0: Called Strike 0-1: Fly out, F7 (Flyball, 78D, EV 93.8 MPH)
|
|
Batting: LHB James Wojcik
|
0-0: Called Strike 0-1: Foul Ball, location: 2F 0-2: Ball 1-2: Foul Ball, location: 2F 1-2: Fly out, F7 (Flyball, 7S, EV 96.3 MPH)
|
| Top of the 7th over - 0 runs, 0 hits, 0 errors, 0 left on base; Pittsfield 3 - Lynn 6 |
| BOTTOM OF THE 7TH |
|
Lynn Sailors batting - Pitching for Pittsfield Colonials : RHP Douglas Henley
|
|
Batting: RHB Mike Rubel
|
0-0: Ball 1-0: Ball 2-0: Ground out 4-3 (Groundball, 4, EV 101.9 MPH)
|
|
Batting: RHB Mike Reddish
|
0-0: Ball 1-0: Ball 2-0: Foul Ball, location: 2F 2-1: Foul Ball, location: 2F 2-2: Fly out, F7 (Flyball, 7, EV 91.3 MPH)
|
|
Batting: RHB Ted Trevino
|
0-0: Ball 1-0: Ball 2-0: Swinging Strike 2-1: Ball 3-1: Called Strike 3-2: Base on Balls
|
|
Batting: RHB Lee Wenzel
|
0-0: Ball 1-0: 2-RUN HOME RUN (Flyball, 7D, EV 103.1 MPH), Distance : 359 ft
|
|
Batting: RHB Vinny Jaramillo
|
0-0: DOUBLE (Flyball, 78D, EV 111.9 MPH)
|
|
Batting: SHB Danny Gans
|
0-0: Called Strike 0-1: Foul Ball, location: 2F 0-2: Ball 1-2: SINGLE (Line Drive, 5D, EV 98.8 MPH) Vinny Jaramillo to third Runner from 3rd tries for Home, SAFE, throw by LF to home
|
|
Batting: RHB Ezequiel Carrasco
|
0-0: SINGLE (Flyball, 56D, EV 86.3 MPH) Danny Gans to second
|
|
Batting: RHB Ron Wotus
|
0-0: Ball 1-0: Ball 2-0: Ball 3-0: Base on Balls Danny Gans to third Ezequiel Carrasco to second
|
|
Batting: RHB Jorge Hinojosa
|
0-0: Swinging Strike 0-1: Fly out, F8 (Flyball, 8LS, EV 88.1 MPH)
|
| Bottom of the 7th over - 3 runs, 4 hits, 0 errors, 3 left on base; Pittsfield 3 - Lynn 9 |
| TOP OF THE 8TH |
|
Pittsfield Colonials batting - Pitching for Lynn Sailors : RHP Dennis Sandoval
|
|
Batting: RHB Mike Brewer
|
0-0: Ball 1-0: SINGLE (Line Drive, 9S, EV 113.8 MPH)
|
|
Batting: LHB Armando Ortiz
|
0-0: Ball 1-0: Swinging Strike 1-1: Swinging Strike 1-2: Strikes out looking
|
|
Batting: RHB Steven Ramler
|
0-0: Ball 1-0: Foul Ball, location: 2F 1-1: Grounds into double play, 5-4-3 (Groundball, 5, EV 79.4 MPH)
|
| Top of the 8th over - 0 runs, 1 hit, 0 errors, 0 left on base; Pittsfield 3 - Lynn 9 |
| BOTTOM OF THE 8TH |
|
Lynn Sailors batting - Pitching for Pittsfield Colonials : RHP Douglas Henley
|
|
Batting: RHB Mike Rubel
|
0-0: Called Strike 0-1: Ground out 5-3 (Groundball, 56S, EV 68.8 MPH)
|
|
Batting: RHB Mike Reddish
|
0-0: Called Strike 0-1: Foul Ball, location: 2F 0-2: Ball 1-2: Ground out 5-3 (Groundball, 5S, EV 89.4 MPH)
|
|
Batting: RHB Ted Trevino
|
0-0: Ball 1-0: Fly out, F7 (Flyball, 7S, EV 81.9 MPH)
|
| Bottom of the 8th over - 0 runs, 0 hits, 0 errors, 0 left on base; Pittsfield 3 - Lynn 9 |
| TOP OF THE 9TH |
|
Pittsfield Colonials batting - Pitching for Lynn Sailors : RHP Dennis Sandoval
|
|
Pitching: RHP Roberto Yan
|
|
|
Batting: SHB David Enos
|
0-0: Ball 1-0: Ball 2-0: Ball 3-0: Called Strike 3-1: Base on Balls
|
|
Batting: RHB Juan Castro
|
0-0: Called Strike 0-1: Foul Ball, location: 2F 0-2: Grounds into double play, 4-6-3 (Groundball, 4, EV 96.9 MPH)
|
|
Batting: SHB Steve Scafa
|
0-0: Called Strike 0-1: Called Strike 0-2: Ball 1-2: Ball 2-2: Ball 3-2: Foul Ball, location: 2F 3-2: Base on Balls
|
|
Batting: SHB Felipe Gracia
|
0-0: Swinging Strike 0-1: Ball 1-1: Swinging Strike 1-2: Ball 2-2: Strikes out looking
|
| Top of the 9th over - 0 runs, 0 hits, 0 errors, 1 left on base; Pittsfield 3 - Lynn 9 |
|